 Dungeon Crawl Stone Soup version 0.29-a0-418-gc0181ea820 (webtiles) character file.

Game seed: 9225194090745542367

30 Hubjo the Firebug (level 3, -1/18 HPs)
             Began as a Deep Elf Fire Elementalist on May 17, 2022.
             Was a Follower of Hepliaklqana.
             Slain by an adder (2 damage)
             ... on level 2 of the Dungeon.
             The game lasted 00:00:53 (1311 turns).

Hubjo the Firebug (Deep Elf Fire Elementalist)      Turns: 1311, Time: 00:00:54

Health: -1/18      AC:  2    Str:  5    XL:     3   Next: 5%
Magic:  8/9        EV: 12    Int: 21    God:    Hepliaklqana [*.....]
Gold:   24         SH:  0    Dex: 15    Spells: 7/8 levels left

rFire   . . .      SeeInvis .   (no weapon)
rCold   . . .      Faith    .   (no shield)
rNeg    . . .      Spirit   .   a - +0 robe
rPois   .          Reflect  .   (no helmet)
rElec   .          Harm     .   (no cloak)
rCorr   .          Rampage  .   (no gloves)
Will    .....                   (no boots)
Stlth   ++........              (no amulet)
HPRegen 0.06/turn               (no ring)
MPRegen 0.11/turn               (no ring)

@: lethally poisoned (-1 -> -2)
A: reduced essence
a: Renounce Religion, Recall Ancestor, Ancestor Identity


You were on level 2 of the Dungeon.
You worshipped Hepliaklqana.
Hepliaklqana was aware of your devotion.
You visited 1 branch of the dungeon, and saw 2 of its levels.

You collected 24 gold pieces.

Inventory:

Hand Weapons
 l - a +1 whip of venom
Armour
 a - a +0 robe (worn)
Scrolls
 c - a scroll of enchant weapon {unknown}
 e - a scroll of identify {unknown}
 g - a scroll of amnesia {unknown}
 h - a scroll of teleportation {unknown}
 i - a scroll of blinking {unknown}
 j - a scroll of fog {unknown}
Potions
 b - a potion of magic
 d - 2 potions of flight {unknown}
 f - a potion of curing {unknown}
 k - a potion of haste {unknown}


   Skills:
 * Level 1.2 Fighting
 - Level 2.4 Dodging
 + Level 3.0 Stealth
 + Level 3.4 Spellcasting
 - Level 1.1 Conjurations
 + Level 3.5 Fire Magic


You had 7 spell levels left.
You knew the following spells:

 Your Spells              Type           Power      Damage    Failure   Level
a - Foxfire               Conj/Fire      52%        2x1d6     4%          1

Your spell library contained the following spells:

 Spells                   Type           Power      Damage    Failure   Level
 Scorch                   Fire           36%        2d6       4%          2
 Animate Skeleton         Necr           6%         N/A       13%         1
 Apportation              Tloc           6%         N/A       13%         1
 Pain                     Necr           12%        1d4       13%         1
 Conjure Flame            Conj/Fire      13%        6-21      14%         3
 Inner Flame              Hex/Fire       11%        N/A       19%         3
 Vampiric Draining        Necr           3%         2d6       36%         3
 Flame Wave               Conj/Fire      13%        2d6       43%         4
 Olgreb's Toxic Radiance  Pois           3%         N/A       77%         4
 Alistair's Intoxication  Tmut/Pois      2%         N/A       98%         5
 Ozocubu's Refrigeration  Ice            1%         4d5       100%        7
 Ignition                 Fire           9%         3d5       100%        8


Dungeon Overview and Level Annotations

Branches:
Dungeon (2/15)

Altars:
Hepliaklqana


Message History

Your foxfire dissipates! x3
Found a quarterstaff.
k - a puce potion You see here a +1 whip of venom.
l - a +1 whip of venom An adder comes into view.
There is a faded altar of an unknown god here.
You cannot tell which god this altar belongs to.
Convert to them anyway?
Hepliaklqana accepts your prayer! Hepliaklqana welcomes you!
Hepliaklqana forms a fragment of your life essence into the memory of your ancestor, Dejan!
You can now recall your ancestor.
You can now remember your ancestor's identity.
An adder is nearby!
An adder is nearby!
An adder is nearby!
The adder bites you.
Dejan barely misses the adder.
The adder closely misses you. The adder bites you but does no damage.
Dejan hits the adder.
The adder bites you.
Dejan closely misses the adder.
The adder misses you.
Dejan misses the adder.
The adder misses you. The adder completely misses you.
Dejan closely misses the adder.
The adder barely misses you.
Dejan hits the adder.
The adder bites you but does no damage.
Dejan closely misses the adder.
The adder misses you. The adder closely misses you.
Dejan barely misses the adder.
The adder bites you.
Dejan barely misses the adder.
The adder bites you.
You are poisoned.
The adder poisons you!
Dejan closely misses the adder.
You feel sick. The adder bites you but does no damage.
Dejan closely misses the adder.
You feel sick.
The adder barely misses you. x2; Dejan barely misses the adder.
You feel sick. The adder bites you.
* * * LOW HITPOINT WARNING * * *
Dejan hits the adder.
* * * LOW HITPOINT WARNING * * *
You feel sick. The adder bites you.
You die...

...)..........# #
#######.......#.# #
#..#.#>.#.# #
#.........# #
#######.##.#.###### #
#.......##........# #
#.........S..####.#####
#...∩.SR##.....##......
#.....@....#.#...(.....
#...⌠...##.....##......
#....$..###.......#####
#.......# ####.#### #
.......### #$# #
######. # #. # .. #


You could see the friendly Dejan the ancestor and an adder (ally target).

Vanquished Creatures
  An adder (D:2)
  A dart slug (D:1)
  5 ball pythons
  An endoplasm (D:1)
  3 goblins
  A hobgoblin (D:1)
  A bat (D:2)
  3 frilled lizards (D:1)
  2 kobolds
  A rat (D:1)
19 creatures vanquished.

Vanquished Creatures (others)
  91 foxfires
91 creatures vanquished.

Grand Total: 110 creatures vanquished

Notes
Turn   | Place    | Note
-------+----------+-------------------------------------------
     0 | D:1      | Hubjo the Deep Elf Fire Elementalist began the quest for
                  | the Orb.
     0 | D:1      | Reached XP level 1. HP: 10/10 MP: 6/6
   432 | D:1      | Reached XP level 2. HP: 13/16 MP: 4/8
  1113 | D:2      | Reached skill level 1 in Fighting
  1201 | D:2      | Reached XP level 3. HP: 20/20 MP: 5/9
  1270 | D:2      | Found a faded altar of an unknown god.
  1296 | D:2      | Prayed at the altar of an unknown god.
  1296 | D:2      | Became a worshipper of Hepliaklqana the Forgotten
  1296 | D:2      | Reached * piety under Hepliaklqana
  1311 | D:2      | Slain by an adder

Illustrated notes

Levels and vault maps discovered:
D:1:      amcnicky_arrival_abandoned_market, layout_basic
D:2:      minmay_spotlight, layout_loops_cross,
          ebering_ecumenical_altar_abandoned

Skill      XL: |  1  2 |
---------------+-------+-----
Fighting       | 1 |  1.2
Stealth        | 3 |  3.0
Dodging        | |  2.4
Spellcasting   | |  3.4
Conjurations   | |  1.1
Fire Magic     | |  3.5

Action                   || total
-------------------------++-------
 Cast: Foxfire           ||    53
Armor: Robe              ||     3
Dodge: Dodged            ||     9

Table legend: (Time is in decaauts)
 A = Elapsed time spent in this place.
 B = Non-inter-level travel time spent in this place.
 C = Inter-level travel time spent in this place.
 D = Time resting spent in this place.
 E = Time spent auto-exploring this place.
 F = Levels seen in this place.
 G = Mean time per level.
                   A        B        C        D        E       F      G
               +--------+--------+--------+--------+--------+-----+--------+
         Total |   1310 |   1280 |     30 |      0 |   1140 |   2 |  655.0 |
       Dungeon |   1310 |   1280 |     30 |      0 |   1140 |   2 |  655.0 |
               +--------+--------+--------+--------+--------+-----+--------+

Top non-repeatable levels by time:
     D:1: 1111 daAuts
     D:2: 199 daAuts
